[ AOE2 MATCH · #470899451 ]
1v1 RMGurjaras vs Armenians
Player's team · WIN
Rival team · LOSS
[ REPLAY ANALYSIS · EXTRACTED FROM THE RECORDED GAME ]
Feudal
9:15
Castle
—
Imperial
—
| APM avg | 48.8 |
| APM peak | 82 |
| eAPM avg | 23.2 |
| Villagers / military | 47 / 15 |
Focus
⚔️ 38.0% · 🌾 62.0%
Archer ×11 · Skirmisher ×4
Feudal
10:32
Castle
—
Imperial
—
| APM avg | 62.3 |
| APM peak | 102 |
| eAPM avg | 20.1 |
| Villagers / military | 33 / 17 |
Focus
⚔️ 25.1% · 🌾 74.9%
Militia ×9 · Skirmisher ×8
Match map
Initial resources + every placement click. Lines = walls · curves = elevation contours. ◆ gold · ⬟ stone · ● berries · ✦ relic · ◌ wall gap
Your base· Open — 6t gap
操你那婊子媽's base· Open — unwalled flank
Smoothed initial terrain · ◌ = detected wall gap · hover for details
Inputs per minute
— mrcexaoe2 - - 操你那婊子媽
Build order — mrcexaoe2
118 actions detected in the replay
| 0:00 | Create | Villager (Male) |
| 0:00 | Create | Villager (Male) |
| 0:01 | Create | Villager (Male) |
| 0:02 | Build | House |
| 0:04 | Build | House |
| 0:13 | Create | Villager (Male) |
| 0:13 | Create | Villager (Male) |
| 0:37 | Build | Mill |
| 1:30 | Create | Villager (Male) |
| 1:48 | Create | Villager (Male) |
| 1:49 | Create | Villager (Male) |
| 2:24 | Create | Villager (Male) |
| 2:25 | Create | Villager (Male) |
| 2:40 | Create | Villager (Male) |
| 3:09 | Create | Villager (Male) |
| 3:09 | Create | Villager (Male) |
| 3:31 | Build | House |
| 3:32 | Build | House |
| 3:39 | Create | Villager (Male) |
| 3:39 | Create | Villager (Male) |
| 4:03 | Create | Villager (Male) |
| 4:03 | Create | Villager (Male) |
| 4:24 | Create | Villager (Male) |
| 4:24 | Create | Villager (Male) |
| 4:25 | Create | Villager (Male) |
| 4:31 | Create | Villager (Male) |
| 4:32 | Create | Villager (Male) |
| 4:32 | Create | Villager (Male) |
| 5:01 | Build | Lumber Camp |
| 5:09 | Create | Villager (Male) |
| 5:09 | Create | Villager (Male) |
| 5:25 | Research | Loom |
| 6:12 | Build | Palisade Wall |
| 6:13 | Build | Palisade Wall |
| 6:53 | Research | Feudal Age |
| 7:28 | Build | Palisade Wall |
| 7:30 | Build | Palisade Wall |
| 7:47 | Build | Barracks |
| 8:45 | Build | House |
| 9:15 | Create | Villager (Male) |
| 9:15 | Create | Villager (Male) |
| 9:15 | Age | Feudal Age |
| 9:21 | Build | Archery Range |
| 10:03 | Build | Mining Camp |
| 10:06 | Build | Mining Camp |
| 10:08 | Create | Villager (Male) |
| 10:08 | Create | Villager (Male) |
| 10:21 | Create | Skirmisher |
| 10:21 | Create | Skirmisher |
| 10:40 | Create | Villager (Male) |
| 10:41 | Create | Villager (Male) |
| 10:47 | Build | Palisade Wall |
| 10:56 | Create | Archer |
| 11:01 | Create | Villager (Male) |
| 11:46 | Create | Villager (Male) |
| 11:47 | Create | Villager (Male) |
| 11:53 | Build | House |
| 11:54 | Build | House |
| 12:00 | Build | Blacksmith |
| 12:03 | Create | Skirmisher |
| 12:04 | Create | Skirmisher |
| 12:06 | Research | Town Watch |
| 12:14 | Build | House |
| 12:20 | Create | Villager (Male) |
| 12:35 | Research | Double-Bit Axe |
| 12:51 | Build | House |
| 12:55 | Create | Villager (Male) |
| 12:58 | Create | Archer |
| 12:58 | Create | Archer |
| 13:06 | Build | Mill |
| 13:12 | Create | Villager (Male) |
| 13:26 | Build | Palisade Wall |
| 13:38 | Build | Palisade Wall |
| 13:41 | Create | Archer |
| 13:44 | Research | Fletching |
| 13:45 | Create | Villager (Male) |
| 13:48 | Build | Farm |
| 13:51 | Build | Farm |
| 14:10 | Create | Archer |
| 14:10 | Create | Archer |
| 14:17 | Build | House |
| 14:18 | Create | Villager (Male) |
| 14:20 | Build | Farm |
| 14:32 | Create | Archer |
| 14:35 | Create | Villager (Male) |
| 14:35 | Create | Villager (Male) |
| 14:38 | Build | Farm |
| 14:47 | Build | House |
| 15:03 | Build | Farm |
| 15:06 | Create | Villager (Male) |
| 15:12 | Build | Lumber Camp |
| 15:17 | Create | Archer |
| 15:22 | Build | Palisade Wall |
| 15:22 | Build | Palisade Wall |
| 15:44 | Create | Archer |
| 15:46 | Create | Villager (Male) |
| 15:49 | Build | Farm |
| 15:59 | Build | Farm |
| 16:12 | Create | Villager (Male) |
| 16:15 | Build | Lumber Camp |
| 16:27 | Build | House |
| 16:36 | Build | House |
| 16:45 | Create | Villager (Male) |
| 16:50 | Create | Villager (Male) |
| 16:52 | Build | Farm |
| 16:54 | Build | Farm |
| 17:02 | Create | Villager (Male) |
| 17:12 | Build | Farm |
| 17:18 | Build | Farm |
| 18:08 | Build | Archery Range |
| 18:16 | Build | Farm |
| 18:18 | Build | Farm |
| 18:20 | Build | Farm |
| 18:28 | Create | Archer |
| 18:28 | Create | Archer |
| 18:35 | Research | Castle Age |
| 18:35 | Research | Castle Age |
| 18:42 | Build | Farm |
Build order — 操你那婊子媽
97 actions detected in the replay
| 0:00 | Create | Villager (Male) ×4 |
| 0:02 | Build | House |
| 0:04 | Build | House |
| 1:25 | Create | Villager (Male) |
| 1:44 | Build | Mule Cart |
| 1:59 | Create | Villager (Male) |
| 2:18 | Create | Villager (Male) |
| 2:46 | Create | Villager (Male) |
| 3:02 | Create | Villager (Male) |
| 3:34 | Create | Villager (Male) |
| 3:52 | Build | House |
| 4:05 | Create | Villager (Male) |
| 4:26 | Build | Barracks |
| 4:38 | Create | Villager (Male) |
| 4:38 | Create | Villager (Male) |
| 4:38 | Create | Villager (Male) |
| 4:48 | Create | Villager (Male) |
| 5:06 | Build | House |
| 5:25 | Build | Palisade Wall |
| 6:21 | Create | Villager (Male) |
| 6:24 | Build | Mill |
| 6:30 | Create | Militia |
| 6:41 | Create | Villager (Male) |
| 6:42 | Create | Militia |
| 6:57 | Create | Villager (Male) |
| 7:01 | Create | Militia |
| 7:16 | Create | Militia |
| 7:35 | Create | Villager (Male) |
| 7:38 | Build | House |
| 7:46 | Research | Loom |
| 8:22 | Research | Feudal Age |
| 8:22 | Research | Feudal Age |
| 8:44 | Build | Mule Cart |
| 10:04 | Create | Militia |
| 10:05 | Create | Militia |
| 10:08 | Build | House |
| 10:32 | Age | Feudal Age |
| 10:35 | Research | Man-at-Arms (upgrade) |
| 10:36 | Create | Villager (Male) |
| 10:38 | Research | Double-Bit Axe |
| 10:39 | Research | Horse Collar |
| 10:39 | Research | Horse Collar |
| 11:34 | Create | Villager (Male) |
| 11:40 | Build | Farm |
| 11:40 | Build | Farm |
| 11:58 | Create | Militia |
| 12:11 | Build | Archery Range |
| 12:20 | Create | Villager (Male) |
| 12:23 | Build | Farm |
| 12:25 | Create | Villager (Male) |
| 12:43 | Create | Skirmisher |
| 13:02 | Create | Skirmisher |
| 13:07 | Create | Villager (Male) |
| 13:17 | Research | Long Swordsman (upgrade) |
| 13:34 | Create | Villager (Male) |
| 13:43 | Build | Farm |
| 13:44 | Build | Farm |
| 13:49 | Create | Skirmisher |
| 14:15 | Create | Villager (Male) |
| 14:16 | Create | Skirmisher |
| 14:22 | Build | Farm |
| 14:24 | Build | Farm |
| 14:24 | Build | Farm |
| 14:43 | Build | Farm |
| 14:52 | Create | Villager (Male) |
| 14:57 | Build | House |
| 15:00 | Create | Skirmisher |
| 15:04 | Build | Farm |
| 15:05 | Build | Farm |
| 15:05 | Build | Farm |
| 15:22 | Create | Skirmisher |
| 15:28 | Build | House |
| 15:29 | Build | House |
| 15:53 | Create | Villager (Male) |
| 15:58 | Build | Blacksmith |
| 16:02 | Create | Villager (Male) |
| 16:14 | Create | Villager (Male) |
| 16:20 | Build | Farm |
| 16:23 | Create | Militia |
| 16:24 | Create | Skirmisher |
| 16:49 | Create | Skirmisher |
| 16:50 | Create | Militia |
| 16:55 | Research | Fletching |
| 16:55 | Research | Fletching |
| 17:04 | Build | Farm |
| 17:04 | Build | Farm |
| 17:04 | Build | Farm |
| 17:04 | Build | Farm |
| 17:10 | Create | Villager (Male) |
| 18:06 | Create | Villager (Male) |
| 18:12 | Build | Mill |
| 18:13 | Build | Farm |
| 18:13 | Build | Farm |
| 18:13 | Build | Farm |
| 18:14 | Build | Farm |
| 18:14 | Build | Farm |
| 18:26 | Create | Villager (Male) |
Match timeline
| 4:26 | 操你那婊子媽 · first_building Barracks |
| 5:25 | 操你那婊子媽 · wall_segment Palisade Wall x3 |
| 6:12 | mrcexaoe2 · wall_segment Palisade Wall x1 |
| 6:13 | mrcexaoe2 · wall_segment Palisade Wall x1 |
| 7:28 | mrcexaoe2 · wall_segment Palisade Wall x1 |
| 7:30 | mrcexaoe2 · wall_segment Palisade Wall x1 |
| 7:47 | mrcexaoe2 · first_building Barracks |
| 9:15 | mrcexaoe2 · age_up feudal |
| 9:21 | mrcexaoe2 · first_building Archery Range |
| 10:32 | 操你那婊子媽 · age_up feudal |
| 10:47 | mrcexaoe2 · wall_segment Palisade Wall x1 |
| 12:11 | 操你那婊子媽 · first_building Archery Range |
| 13:26 | mrcexaoe2 · wall_segment Palisade Wall x5 |
| 13:38 | mrcexaoe2 · wall_segment Palisade Wall x11 |
| 15:22 | mrcexaoe2 · wall_segment Palisade Wall x1 |
| 15:22 | mrcexaoe2 · wall_segment Palisade Wall x1 |
| 18:44 | 操你那婊子媽 · resign |
[ AI ANALYSIS · 1 CREDIT ]
What really happened in this match?
Wolo.gg analyzes every decision: build order, eco, micro, common mistakes by bracket. Personalized analysis on WhatsApp or Discord in 30 seconds.
Civ guide
Gurjaras
Map guide
Arabia
Perfil
mrcexaoe2